 Dungeon Crawl Stone Soup version 0.28.0-53-g5a82cb258f (webtiles) character file.

Game seed: 13339077218020821136

25 SethGrey the Skirmisher (level 2, 0/26 HPs)
             Began as a Draconian Fighter on July 20, 2022.
             Was a Follower of Kikubaaqudgha.
             Slain by an adder (4 damage)
             ... on level 2 of the Dungeon.
             The game lasted 00:09:09 (3266 turns).

SethGrey the Skirmisher (Draconian Fighter)         Turns: 3266, Time: 00:09:09

Health: 0/26       AC:  4    Str: 18    XL:     2   Next: 86%
Magic:  2/2        EV: 12    Int:  8    God:    Kikubaaqudgha [*.....]
Gold:   74         SH:  4    Dex: 10    Spells: 1/1 levels left

rFire   . . .      SeeInvis .   a - +0 long sword
rCold   . . .      Faith    .   b - +0 buckler
rNeg    . . .      Spirit   .   (armour unavailable)
rPois   .          Reflect  .   (helmet restricted)
rElec   .          Harm     .   (no cloak)
rCorr   .          Rampage  .   (no gloves)
Will    .....                   (no boots)
Stlth   +.........              (no amulet)
HPRegen 0.08/turn               (no ring)
MPRegen 0.08/turn               (no ring)

@: no status effects
A: AC +4, unfitting armour, cold-blooded
a: Renounce Religion, Receive Corpses


You were on level 2 of the Dungeon.
You worshipped Kikubaaqudgha.
Kikubaaqudgha was aware of your devotion.
You visited 1 branch of the dungeon, and saw 3 of its levels.

You collected 74 gold pieces.

Inventory:

Hand Weapons
 a - a +0 long sword (weapon)
Missiles
 m - 22 arrows
Armour
 b - a +0 buckler (worn)
 d - a +0 robe
 f - a +0 ring mail
Scrolls
 g - a scroll of noise {unknown}
 h - a scroll of fear {unknown}
 j - a scroll of identify {unknown}
 k - a scroll of vulnerability {unknown}
Potions
 c - a potion of might
 e - a potion of ambrosia {unknown}
 i - a potion of haste {unknown}
 l - a potion of attraction {unknown}


   Skills:
 + Level 3.5 Fighting
 + Level 2.5 Long Blades
 + Level 3.0 Dodging
 + Level 0.3 Stealth
 + Level 3.2 Shields


You had one spell level left.
You didn't know any spells.
Your spell library contained the following spells:

 Spells                   Type           Power      Damage    Failure   Level
 Animate Skeleton         Necr           0%         N/A       50%         1
 Corpse Rot               Necr/Air       0%         N/A       65%         2
 Sublimation of Blood     Necr           0%         N/A       65%         2
 Tukima's Dance           Hex            0%         N/A       86%         3
 Anguish                  Hex/Necr       0%         N/A       99%         4
 Agony                    Necr           0%         N/A       100%        5
 Enfeeble                 Hex            0%         N/A       100%        7


Dungeon Overview and Level Annotations

Branches:
Dungeon (3/15)

Altars:
Kikubaaqudgha


Innate Abilities, Weirdness & Mutations

Your plain brown scales are hard. (AC +4)
You cannot fit into any form of body armour.
You are cold-blooded and may be slowed by cold attacks.


Message History

You barely miss the adder.
You feel sick.
You are no longer poisoned.
The adder closely misses you.
You closely miss the adder. The adder misses you. You block the adder's attack.
You barely miss the adder. The adder closely misses you. The adder bites you.
You are poisoned.
The adder poisons you!
You miss the adder.
You feel sick. The adder misses you. The adder bites you but does no damage.
You miss the adder.
You feel sick. The adder barely misses you.
You hit the adder.
The adder is moderately wounded.
You feel sick. You block the adder's attack.
The adder bites you but does no damage.
You miss the adder.
The adder is moderately wounded.
You feel sick.
You are no longer poisoned.
You block the adder's attack. The adder closely misses you.
There is a stone staircase leading down here.
The adder bites you but does no damage.
You climb downwards.
Found 4 large rocks and 13 gold pieces.
Found a stone staircase leading up.
There is a stone staircase leading up here.
You can't go down here!
The adder closely misses you. The goblin hits you with a +0 dagger.
* * * LOW HITPOINT WARNING * * *
You climb upwards.
The ball python bites you.
* * * LOW HITPOINT WARNING * * *
The ball python barely misses you. x2; The ball python grabs you.
The ball python constricts you.
There is a stone staircase leading down here.
You escape the ball python's grasp.
The adder closely misses you. The goblin hits you with a +0 dagger.
* * * LOW HITPOINT WARNING * * *
You block the ball python's attack. The ball python barely misses you.
You see here a ball python corpse.
The adder bites you.
You die...
Kikubaaqudgha rasps: "You have failed me!
Welcome... death!"

.#.........# #.#
.#####.....# #.#
## #.##### #.# #
#.#########.##.#
..........†g...#
############†####
#S# #S# ..### #@#
####.
......#.#......
#..........
##.....(...
#.........
##........
#........
#........ #..
#.......w


You could see an adder, a goblin and a ball python.

Vanquished Creatures
  A dart slug (D:1)
  4 ball pythons
  2 endoplasms (D:2)
  A giant cockroach (D:2)
  A goblin (D:2)
  2 hobgoblins (D:2)
  5 kobolds
  A quokka (D:2)
  2 frilled lizards (D:2)
  3 rats
22 creatures vanquished.

Vanquished Creatures (others)
  9 plants (D:2)
9 creatures vanquished.

Grand Total: 31 creatures vanquished

Notes
Turn   | Place    | Note
-------+----------+-------------------------------------------
     0 | D:1      | SethGrey the Draconian Fighter began the quest for the Orb.
     0 | D:1      | Reached XP level 1. HP: 19/19 MP: 1/1
  2493 | D:2      | Reached XP level 2. HP: 26/26 MP: 2/2
  2537 | D:2      | Found a faded altar of an unknown god.
  2569 | D:2      | Prayed at the altar of an unknown god.
  2569 | D:2      | Became a worshipper of Kikubaaqudgha
  2569 | D:2      | Reached * piety under Kikubaaqudgha
  2569 | D:2      | Received a gift from Kikubaaqudgha
  3266 | D:2      | Slain by an adder

Illustrated notes

Levels and vault maps discovered:
D:1:      minmay_arrival_doors, layout_basic
D:2:      layout_basic, dilly_ecumenical_altar_fadedgnrine
D:3:      layout_basic, elyvilon_altar_5

Skill      XL: |  1  2 |
---------------+-------+-----
Dodging        | 3 |  3.0
Fighting       | |  3.5
Long Blades    | |  2.5
Stealth        | |  0.3
Shields        | |  3.2

Action                   || total
-------------------------++-------
Melee: Long sword        ||    77
       Tailslap          ||     4
 Stab: Sleeping          ||     1
Armor: Skin              ||    21
Dodge: Dodged            ||    47
Block: Buckler           ||    15
